 Dungeon Sprint DCSS version 0.30-a0-347-gf58ed5266c (webtiles) character file.

Game seed: 3933365007909877201

3669 rocky1 the Unseen (level 10, -7/66 HPs)
             Began as a Kobold Brigand on Nov 7, 2022.
             Was the Champion of Cheibriados.
             Mangled by a spriggan berserker
             ... wielding a +0 rapier
              (29 damage)
             ... in the Dungeon (Sprint IV: "Fedhas' Mad Dash").
             The game lasted 00:05:39 (1200 turns).

rocky1 the Unseen (Kobold Brigand)                  Turns: 1200, Time: 00:05:40

Health: -7/66      AC:  3    Str: 24    XL:     10   Next: 34%
Magic:  16/16      EV: 28    Int: 28    God:    Cheibriados [******]
Gold:   137        SH:  0    Dex: 35    Spells: 9/9 levels left

rFire   . . .      SeeInvis .    q - +1 short sword (flame)
rCold   . . .      Faith    .    (no shield)
rNeg    . . .      Spirit   .    b - +0 robe
rPois   .          Reflect  .    (no helmet)
rElec   .          Harm     .    c - +0 cloak
rCorr   +          Rampage  .    (no gloves)
Will    .....      NoTele   +    (no boots)
Stlth   ++++++++++               m - amulet of invisibility {+Inv}
HPRegen 0.31/turn                p - ring of resist corrosion
MPRegen 0.15/turn                (no ring)

@: very slightly contaminated, invisible, very slow
A: small, no large weapons, nightstalker 3
a: Renounce Religion, Evoke Invisibility, Bend Time, Temporal Distortion,
Slouch, Step From Time


You were in the Dungeon.
You worshipped Cheibriados.
Cheibriados was exalted by your worship.
You visited 1 branch You collected 137 gold pieces.

Inventory:

Hand Weapons
 a - a +2 dagger
 q - a +1 short sword of flaming (weapon)
Missiles
 d - 9 poisoned darts (quivered)
 e - 3 curare-tipped darts
Armour
 b - a +0 robe (worn)
 c - a +0 cloak (worn)
Jewellery
 m - the amulet of invisibility (around neck) {+Inv}
   (You found it in the Dungeon)

   [amulet of nothing]

   +Inv:      It lets you turn invisible.
 p - a ring of resist corrosion (left hand)
Scrolls
 j - a scroll of butterflies {unknown}
 k - a scroll of blinking
 l - a scroll of acquirement {unknown}
 n - a scroll of amnesia {unknown}
 o - a scroll of immolation {unknown}
Potions
 f - 3 potions of curing
 h - a potion of haste
 i - 2 potions of magic
Miscellaneous
 g - a tin of tremorstones (2/2)


   Skills:
 + Level 9.5 Fighting
 + Level 11.6 Short Blades
 - Level 4.0 Throwing
 + Level 9.6 Dodging
 * Level 19.9 Stealth
 + Level 8.6 Invocations
 + Level 9.4 Evocations


You had 9 spell levels left.
You didn't know any spells.
Your spell library contained the following spells:

 Spells                   Type           Power      Damage    Failure   Level
 Kiss of Death            Conj/Necr      0%         2d5       11%         1
 Anguish                  Hex/Necr       0%         N/A       73%         4
 Animate Dead             Necr           0%         N/A       73%         4
 Agony                    Necr           0%         N/A       97%         5
 Death Channel            Necr           0%         N/A       100%        6


Dungeon Overview and Level Annotations

Branches:
Dungeon (1/1)

Altars:
Cheibriados
Dithmenos
Elyvilon
Gozag
Hepliaklqana
Kikubaaqudgha
Makhleb
Nemelex Xobeh
Okawaru
Qazlal
Ru
Sif Muna
Trog
Uskayaw
Vehumet
Wu Jian
Xom
Yredelemnul
Zin
The Shining One
Jiyva
Lugonu

Shops:
D =(([

Annotations:
D Agnes


Innate Abilities, Weirdness & Mutations

You are small and have problems with some larger weapons.
You are completely attuned to the shadows.


Message History

You perforate the ballistomycete spore like a sieve!!!!!
You burn the ballistomycete spore.
The ballistomycete spore explodes!
The explosion of spores engulfs you.
You are confused.
Unknown command.
You start resting.
You feel less confused.
You start resting.
HP restored.
You start waiting.
You flicker for a moment.
You start waiting.
You flicker back into view.
You start waiting.
Your magical contamination has completely faded away.
You see here 4 stones.
You fail to use your ability.
Unknown command.
You fail to use your ability.
You fade into invisibility!
You are very lightly contaminated with residual magic.
Unknown command.
You open the door.
There is an open door here.
A spriggan berserker and Agnes come into view.
Agnes is wielding a +0 spectral lajatang and wearing a +2 robe of cold resistance.
The spriggan berserker shouts!
The spriggan berserker invokes Trog's protection!
The spriggan berserker mumbles some strange prayers to Trog.
The spriggan berserker goes berserk!
The spriggan berserker hits you with a +0 rapier!!!
Ouch! That really hurt!
The spriggan berserker completely misses you.
The spriggan berserker closely misses you.
You are too injured to fight recklessly!
Okay, then.
The spriggan berserker completely misses you.
The spriggan berserker hits you with a +0 rapier!!
You die...

'##.._._._._._..#.)##∩∩.'...####
..#._._._._._.⌠.#############
..##################
###♣♣♣♣♣..♣.###.'.(+
.'......♣..♣##..#..#
.#♣..♣♣♣.♣).###.##'#
.#.♣♣.[♣...♣'...#♣.♣## ###
############.....# #i@♣..♣..
#...♣i..... ......♣....
###########


You could see Agnes and a spriggan berserker (berserk, regenerating,
strong-willed).

Vanquished Creatures
  A spriggan druid (D)
  3 oklob plants (D)
  3 burning bushes (D)
  3 wandering mushrooms (D)
  A queen bee (D)
  3 scorpions (D)
  4 killer bees (D)
  5 oklob saplings (D)
  2 spriggans (D)
  A river rat (D)
  A rat (D)
  A ballistomycete spore (D)
28 creatures vanquished.

Notes
Turn   | Place    | Note
-------+----------+-------------------------------------------
     0 | D        | rocky1 the Kobold Brigand began the quest for the Orb.
     0 | D        | Reached XP level 1. HP: 12/12 MP: 1/1
    10 | D        | Reached skill level 7 in Stealth
    10 | D        | Reached XP level 2. HP: 18/18 MP: 2/2
    18 | D        | Noticed an oklob sapling
    20 | D        | Killed an oklob sapling
    21 | D        | Reached skill level 9 in Stealth
    21 | D        | Reached XP level 3. HP: 23/23 MP: 3/3
   123 | D        | Noticed a scorpion
   123 | D        | Found the amulet of invisibility {+Inv}
   125 | D        | Killed a scorpion
   126 | D        | Reached skill level 11 in Stealth
   126 | D        | Reached XP level 4. HP: 28/28 MP: 4/4
   152 | D        | Reached skill level 5 in Short Blades
   152 | D        | Reached skill level 12 in Stealth
   152 | D        | Reached XP level 5. HP: 33/33 MP: 5/5
   185 | D        | Found an opulent altar of Gozag.
   185 | D        | Found a sacrificial altar of Ru.
   186 | D        | Found a burning altar of Makhleb.
   186 | D        | Found an ornate altar of the Wu Jian Council.
   186 | D        | Found a shimmering altar of Xom.
   187 | D        | Found a hazy altar of Hepliaklqana.
   187 | D        | Found a shimmering blue altar of Sif Muna.
   188 | D        | Found a sparkling altar of Nemelex Xobeh.
   188 | D        | Found a snail-covered altar of Cheibriados.
   188 | D        | Found a basalt altar of Yredelemnul.
   189 | D        | Found a viscous altar of Jiyva.
   189 | D        | Found a bloodstained altar of Trog.
   190 | D        | Found an iron altar of Okawaru.
   190 | D        | Found a shadowy altar of Dithmenos.
   190 | D        | Found a glowing silver altar of Zin.
   191 | D        | Found an ancient bone altar of Kikubaaqudgha.
   191 | D        | Found a hide-covered altar of Uskayaw.
   192 | D        | Found a stormy altar of Qazlal.
   192 | D        | Found a white marble altar of Elyvilon.
   192 | D        | Found a glowing golden altar of the Shining One.
   193 | D        | Found a corrupted altar of Lugonu.
   193 | D        | Found a radiant altar of Vehumet.
   195 | D        | Reached skill level 13 in Stealth
   197 | D        | Became a worshipper of Cheibriados the Contemplative
   210 | D        | Reached skill level 1 in Invocations
   210 | D        | Reached skill level 1 in Evocations
   210 | D        | Reached XP level 6. HP: 38/38 MP: 6/6
   226 | D        | Reached skill level 14 in Stealth
   230 | D        | Reached * piety under Cheibriados
   403 | D        | Found Wepoxass's Weapon Shop.
   403 | D        | Found Doawime's Jewellery Emporium.
   412 | D        | Noticed a burning bush
   412 | D        | Noticed a wandering mushroom
   413 | D        | Noticed a wandering mushroom
   415 | D        | Killed a wandering mushroom
   415 | D        | Reached ** piety under Cheibriados
   416 | D        | Reached skill level 5 in Fighting
   416 | D        | Reached skill level 5 in Dodging
   416 | D        | Reached skill level 15 in Stealth
   416 | D        | Reached XP level 7. HP: 45/45 MP: 7/10
   417 | D        | Killed a burning bush
   418 | D        | Reached skill level 16 in Stealth
   418 | D        | Reached skill level 5 in Invocations
   418 | D        | Reached skill level 5 in Evocations
   418 | D        | Reached XP level 8. HP: 52/52 MP: 7/11
   418 | D        | Killed a wandering mushroom
   418 | D        | Reached *** piety under Cheibriados
   455 | D        | Found Tierucax's Antique Armour Emporium.
   455 | D        | Found Iprizunam's Antique Weapon Shoppe.
   505 | D        | Noticed a queen bee
   509 | D        | Killed a queen bee
   509 | D        | Reached **** piety under Cheibriados
   510 | D        | Reached skill level 17 in Stealth
   519 | D        | Reached ***** piety under Cheibriados
   523 | D        | Reached XP level 9. HP: 54/57 MP: 13/13
   525 | D        | Noticed an oklob plant
   528 | D        | Killed an oklob plant
   529 | D        | Reached skill level 10 in Short Blades
   529 | D        | Reached skill level 18 in Stealth
   540 | D        | Noticed a burning bush
   629 | D        | Killed a burning bush
   847 | D        | Noticed a burning bush
   849 | D        | Killed a burning bush
   850 | D        | Noticed an oklob plant
   852 | D        | Noticed a wandering mushroom
   854 | D        | Killed an oklob plant
   855 | D        | Reached skill level 19 in Stealth
   858 | D        | Killed a wandering mushroom
   858 | D        | Reached ****** piety under Cheibriados
   859 | D        | Reached XP level 10. HP: 66/66 MP: 14/16
   896 | D        | Noticed a spriggan druid
   897 | D        | Killed a spriggan druid
  1115 | D        | Noticed an oklob plant conjurer
  1117 | D        | Killed an oklob plant conjurer
  1120 | D        | Got Yxylega's Reference Book on Dark Deeds
  1196 | D        | Noticed a spriggan berserker
  1196 | D        | Noticed Agnes
  1200 | D        | Mangled by a spriggan berserker

Illustrated notes

Levels and vault maps discovered:
D:        dungeon_sprint_fedhas [sprint_temple]

Skill      XL: |  1  2  3  4  5  6  7  8  9 10 |
---------------+-------------------------------+-----
Short Blades   | 3 4 5 6 7 8 9 11 | 11.6
Stealth        | 7 9 11 12 13 15 16 17 19 | 19.9
Fighting       | 3 4 5 6 7 9 |  9.5
Throwing       | 3 4 |  4.0
Dodging        | 2 5 7 9 |  9.6
Invocations    | 1 4 5 6 8 |  8.6
Evocations     | 1 4 5 7 8 9 |  9.4

Action                   |  1- 3 |  4- 6 |  7- 9 | 10-12 || total
-------------------------+-------+-------+-------+-------++-------
Melee: Dagger            |     4 |    17 |    54 |       ||    75
       Punch             |       |       |     1 |       ||     1
       Short sword       |       |       |       |     3 ||     3
 Abil: Evoke Invisibilit |       |     2 |     3 |     4 ||     9
  Use: Potion            |       |     1 |     1 |       ||     2
 Stab: Sleeping          |     4 |     4 |     9 |     3 ||    20
       Invisible         |       |       |     4 |       ||     4
Armor: Robe              |       |       |     2 |       ||     2
Dodge: Dodged            |       |    11 |    27 |     3 ||    41

Table legend: (Time is in decaauts)
 A = Elapsed time spent in this place.
 B = Non-inter-level travel time spent in this place.
 C = Inter-level travel time spent in this place.
 D = Time resting spent in this place.
 E = Time spent auto-exploring this place.
 F = Levels seen in this place.
 G = Mean time per level.
                   A        B        C        D        E       F      G
               +--------+--------+--------+--------+--------+-----+--------+
         Total |   1309 |   1265 |     44 |    808 |      0 |   1 | 1309.0 |
       Dungeon |   1309 |   1265 |     44 |    808 |      0 |   1 | 1309.0 |
               +--------+--------+--------+--------+--------+-----+--------+

Top non-repeatable levels by time:
       D: 1309 daAuts
